AoeStats
← SMVBLUESTAR

MegaRandom

507523520Analyzed
4v4 RM · 15d ago on Sep 18, 2026· 59m 18s· 8 players
Game mode
Random Map
Map size
Large (8 player)
Population
200
Speed
Normal
Resources
Standard
Victory
Conquest
Starting age
Dark Age
Ending age
Imperial Age
RankedLock teamsTeams togetherTeam positionsShared explorationLock speedFull tech treeHidden civsTurbo modeCheats
Victory
Defeat
🇧🇪 Wu · Belgium
978
+15
🇹🇷 Turks · Türkiye
971
+15
🇺🇸 Bohemians · United States
964
+15
🇬🇧 Teutons · United Kingdom
954
+16
🇨🇳 Italians · China
984
-17
963
-16
🇻🇳 Persians · Vietnam
921
-14
🇮🇳 Spanish · India
918
-14
szczuply23
1:03 Loom
13:17 Feudal Age
13:58 Horse Collar
14:13 Double-Bit Axe
17:46 Stone Mining
21:44 Castle Age
25:00 Fletching
25:14 Gold Mining
29:26 Bow Saw
30:21 Bodkin Arrow
33:22 Heavy Plow
35:48 Scale Mail Armor
35:59 Forging
38:30 Imperial Age
37:57 Wheelbarrow
39:29 Cavalier
41:06 Stone Shaft Mining
41:36 Hand Cart
41:56 Crop Rotation
42:28 Two-Man Saw
41:15 Town Watch
41:48 Chain Mail Armor
42:09 Iron Casting
42:11 Scale Barding Armor
41:46 Onager
43:23 Plate Mail Armor
43:31 Crenellations
45:26 Blast Furnace
44:21 Capped Ram
44:58 Siege Onager
47:52 Guilds
47:43 Caravan
49:48 Ironclad
49:39 Elite Teutonic Knight
52:09 Chemistry
51:15 Siege Engineers
53:01 Coinage
55:16 Ballistics
55:24 Squires
56:33 Pikeman
ertk
0:45 Loom
11:04 Feudal Age
13:34 Horse Collar
16:00 Castle Age
14:15 Double-Bit Axe
16:12 Wheelbarrow
18:08 Bloodlines
26:04 Heavy Plow
26:19 Bow Saw
29:07 Gold Mining
34:03 Imperial Age
33:49 Gold Shaft Mining
33:05 Stone Mining
34:15 Elite Janissary
34:56 Artillery
35:16 Conscription
36:21 Padded Archer Armor
36:12 Fletching
36:28 Scale Barding Armor
36:23 Scale Mail Armor
36:34 Forging
35:54 Capped Ram
37:19 Heavy Camel Rider
38:00 Husbandry
39:22 Hand Cart
38:52 Town Watch
39:39 Chain Mail Armor
39:40 Leather Archer Armor
39:20 Bodkin Arrow
42:06 Chain Barding Armor
42:17 Plate Mail Armor
42:23 Iron Casting
46:46 Ballistics
46:07 Treadmill Crane
46:49 Bombard Tower
46:19 Guard Tower
49:10 Masonry
49:54 Caravan
58:39 Keep
58:35 Architecture
Wimvdm91
10:12 Feudal Age
11:18 Double-Bit Axe
15:13 Loom
18:55 Castle Age
25:14 Horse Collar
25:40 Arson
26:03 Stone Mining
28:37 Gold Mining
30:17 Squires
35:33 Imperial Age
33:39 Wheelbarrow
32:28 Elite Skirmisher
33:47 Caravan
35:06 Gold Shaft Mining
35:50 Forging
35:41 Scale Mail Armor
35:56 Fletching
37:23 Chemistry
36:43 Ballistics
37:03 Red Cliffs Tactics
38:36 Hand Cart
38:13 Pikeman
40:10 Elite Fire Archer
41:51 Halberdier
42:53 Elite Fire Archer
43:54 Conscription
46:28 Bow Saw
46:21 Heavy Plow
47:07 Chain Mail Armor
47:28 Iron Casting
48:03 Bodkin Arrow
48:09 Padded Archer Armor
48:51 Plate Mail Armor
50:59 Leather Archer Armor
53:25 Sitting Tiger
55:30 Bracer
57:31 Blast Furnace
57:16 Stone Shaft Mining
n2844522
3:13 Loom
10:57 Feudal Age
14:51 Fletching
32:52 Padded Archer Armor
35:09 Castle Age
34:01 Double-Bit Axe
35:18 Horse Collar
36:06 Bow Saw
41:17 Imperial Age
40:52 Chemistry
44:22 Caravan
44:28 Heavy Plow
49:51 Wheelbarrow
51:01 Leather Archer Armor
50:42 Bodkin Arrow
53:17 Two-Man Saw
53:07 Capped Ram
53:40 Elite Skirmisher
55:22 Masonry
56:09 Ballistics
56:31 Ring Archer Armor
57:40 Hand Cart
57:13 Town Watch
57:38 Bracer
59:47 Guard Tower
SMVBLUESTAR
7:20 Loom
10:41 Feudal Age
16:42 Bloodlines
20:35 Castle Age
19:00 Horse Collar
19:07 Double-Bit Axe
22:15 Heavy Plow
26:13 Bow Saw
28:49 Town Watch
36:47 Imperial Age
34:53 Wheelbarrow
35:47 Gold Mining
40:02 Conscription
43:57 Husbandry
43:20 Cavalier
50:28 Light Cavalry
53:11 Two-Man Saw
54:28 Scale Barding Armor
56:13 Chain Barding Armor
56:04 Forging
GANADO
11:03 Feudal Age
9:21 Loom
17:15 Castle Age
15:42 Double-Bit Axe
16:51 Horse Collar
21:46 Bow Saw
22:50 Heavy Plow
30:05 Imperial Age
28:25 Masonry
30:25 Wheelbarrow
29:43 Gold Mining
29:44 Stone Mining
31:10 Bloodlines
31:43 Husbandry
32:25 Forging
33:57 Chemistry
33:19 Ballistics
33:21 Crossbowman
34:07 Thumb Ring
35:18 Kamandaran
36:12 Hand Cart
36:40 Fletching
37:24 Architecture
37:57 Bodkin Arrow
38:27 Fervor
38:20 Devotion
38:03 Cavalier
40:25 Iron Casting
39:57 Scale Barding Armor
40:29 Conscription
41:02 Pikeman
41:43 Squires
41:47 Scale Mail Armor
42:48 Blast Furnace
41:35 Halberdier
43:02 Arson
44:58 Chain Mail Armor
45:05 Chain Barding Armor
44:47 Padded Archer Armor
46:18 Plate Mail Armor
47:53 Savar
49:50 Elite Skirmisher
51:21 Elite War Elephant
53:47 Citadels
54:40 Plate Barding Armor
林北干林娘。
0:29 Loom
10:26 Feudal Age
11:04 Double-Bit Axe
13:23 Horse Collar
14:00 Stone Mining
22:21 Castle Age
22:51 Gold Mining
23:17 Bow Saw
24:27 Heavy Plow
29:33 Imperial Age
27:33 Gold Mining
27:29 Elite Skirmisher
28:47 Ballistics
28:36 Fletching
29:34 Silk Road
29:26 Bodkin Arrow
29:33 Padded Archer Armor
29:46 Fortified Wall
30:34 Wheelbarrow
29:44 Town Watch
32:11 Thumb Ring
32:27 Leather Archer Armor
34:17 Hand Cart
34:05 Bracer
35:04 Conscription
37:25 Chemistry
39:44 Crop Rotation
40:20 Two-Man Saw
39:40 Elite Genoese Crossbowman
41:26 Caravan
44:34 Town Patrol
44:59 Arrowslits
50:14 Ring Archer Armor
50:23 Pirotechnia
51:31 Squires
51:42 Forging
51:33 Scale Mail Armor
53:09 Iron Casting
53:34 Chain Mail Armor
ナンゴン ウェニア
9:12 Feudal Age
9:51 Loom
13:34 Town Watch
14:04 Fletching
16:28 Wheelbarrow
Connection lost

Rejoining the realm…

Still unreachable

The connection could not be restored.

Session expired

The server has moved on; the page needs a fresh start.